 Dungeon Crawl Stone Soup version 0.24.1-8-ga250c9d538 (webtiles) character file.

Game seed: 17265239002987509221, levelgen mode: deterministic

161 Hugehornet the Changer (level 5, -2/33 HPs)
             Began as an Octopode Transmuter on May 8, 2020.
             Was a Follower of Cheibriados.
             Killed from afar by Natasha (6 damage)
             ... with a magic dart
             ... on level 2 of the Dungeon.
             The game lasted 00:04:12 (1950 turns).

Hugehornet the Changer (Octopode Transmuter)        Turns: 1950, Time: 00:04:13

Health: -2/33      AC:  2    Str: 11    XL:     5   Next: 42%
Magic:  6/9        EV: 20    Int: 18    God:    Cheibriados [*.....]
Gold:   63         SH:  0    Dex: 20    Spells: 0/10 levels left

rFire    . . .     SeeInvis .     - Unarmed
rCold    . . .     Gourm    .   (shield currently unavailable)
rNeg     . . .     Faith    .   (helmet currently unavailable)
rPois    x         Spirit   .   (no amulet)
rElec    .         Reflect  .   (no ring)
rCorr    .         Harm     .   (no ring)
MR       .....                  (no ring)
Stlth    ++........             (no ring)
HPRegen  0.11/turn              (no ring)
MPRegen  0.11/turn              (no ring)
                                (no ring)
                                (no ring)

@: spider-form, slowed, very slow
A: tiny, almost no armour, stealthy swim, (amphibious), 8 rings, (constrict 8)
a: End Transformation, Bend Time, Renounce Religion


You were on level 2 of the Dungeon.
You worshipped Cheibriados.
Cheibriados was aware of your devotion.
You were not hungry.
You were a venomous arachnid creature.
You visited 1 branch of the dungeon, and saw 2 of its levels.

You collected 63 gold pieces.

Inventory:

Missiles
 a - 57 arrows
Scrolls
 b - 2 scrolls of identify {unknown}
 e - a scroll of amnesia {unknown}
 g - a scroll of remove curse {unknown}
Potions
 d - a potion of degeneration {unknown}
 f - a potion of flight {unknown}
 i - a potion of curing {unknown}
Comestibles
 c - 6 rations
 h - 7 chunks of flesh


   Skills:
 - Level 1.0 Fighting
 - Level 2.0 Dodging
 + Level 3.2 Unarmed Combat
 + Level 3.1 Spellcasting
 * Level 3.4 Transmutations
 * Level 0.4 Ice Magic
 - Level 3.0 Poison Magic


You couldn't memorise any spells.
You knew the following spells:

 Your Spells              Type           Power        Failure   Level  Hunger
a - Beastly Appendage     Tmut           ###...       12%         1    None
b - Sticks to Snakes      Tmut           ###.....     17%         2    ##.....
c - Spider Form           Tmut/Pois      ##........   30%         3    ###....
d - Ice Form              Ice/Tmut       #.......     77%         4    ####...

Your spell library contained the following spells:

 Spells                   Type           Power        Failure   Level  Hunger
 Blade Hands              Tmut           ###.......   87%         5    ######.


Dungeon Overview and Level Annotations

Branches:
Dungeon (2/15)

Altars:
Cheibriados
Yredelemnul

Annotations:
D:2 1 runed translucent door, Natasha


Innate Abilities, Weirdness & Mutations

You cannot wear most types of armour.
You are very stealthy in the water. (Stealth+)
((You are amphibious.))
You can wear up to eight rings at the same time.
((You can use your tentacles to constrict eight enemies at once.))
((Your skin changes colour to match your surroundings (Stealth+).))
((Your rubbery body absorbs attacks. (AC +1, EV +1)))


Message History

You see here the felid corpse of Natasha.
You butcher the felid corpse of Natasha.
h - 7 chunks of flesh (gained 2)
You see here the felid skeleton of Natasha.
Natasha, Servant of Life and Death comes into view.
Casting: Spider Form (safe; 13% risk of failure)
Confirm with . or Enter, or press ? or * to list all spells.
You turn into a venomous arachnid creature.
Natasha casts a spell.
Natasha stares at you and mumbles some strange words.
You feel as though you will be slow longer.
The white imp gestures at you. The puff of frost hits you!
Natasha barely misses you.
You barely miss Natasha. The white imp gestures at you.
The puff of frost hits you!
* * * LOW HITPOINT WARNING * * *
Natasha casts a spell at you. The magic dart hits you.
You die...

#........<.....#
#.##.#.....#######
#.#..#.....# #.#.##.#.###
#....#.#.############
#..........(........# #.#
#.........######..... #.#
.####..5....###........ ###
#.# #.# #.sh...........##.#
..#
#.###.####.......###.#####.#
#.###.##.....รท.......###.#
#.#
#.##..##.###.#........<..#
#.#
#<#.......#.#####.###.####
#.# #.#...#.....# #.# #.#
#.# #....#.#..#.## ##.# #.#
#.. #...#._.#.##.###.## #.#
### #.#..#.#..###...## #.#


You could see Natasha and a white imp.

Vanquished Creatures
  Natasha (twice) (D:2)
  4 gnolls (D:2)
  3 adders (D:2)
  2 oozes
  2 dart slugs
  2 leopard geckos
  2 bats (D:1)
  3 giant cockroaches (D:1)
  5 hobgoblins (D:1)
  A frilled lizard (D:1)
  A goblin (D:1)
  A goblin skeleton (D:2)
  6 kobolds
  5 rats
39 creatures vanquished.

Notes
Turn   | Place    | Note
-------+----------+-------------------------------------------
     0 | D:1      | Hugehornet the Octopode Transmuter began the quest for the
                  | Orb.
     0 | D:1      | Reached XP level 1. HP: 13/13 MP: 3/3
    56 | D:1      | Reached XP level 2. HP: 3/18 MP: 3/5
    69 | D:1      | Found a snail-covered altar of Cheibriados.
   451 | D:1      | Became a worshipper of Cheibriados the Contemplative
   820 | D:1      | Reached XP level 3. HP: 23/23 MP: 4/6
   824 | D:1      | Learned a level 2 spell: Sticks to Snakes
   828 | D:1      | Learned a level 3 spell: Spider Form
  1236 | D:2      | Found a faded altar of an unknown god.
  1287 | D:2      | Reached skill level 1 in Poison Magic
  1449 | D:2      | Noticed Natasha
  1460 | D:2      | Killed Natasha
  1460 | D:2      | Reached XP level 4. HP: 28/28 MP: 4/8
  1539 | D:2      | Found a runed translucent door.
  1539 | D:2      | Noticed a human
  1546 | D:2      | Reached * piety under Cheibriados
  1587 | D:2      | Found a basalt altar of Yredelemnul.
  1815 | D:2      | Reached XP level 5. HP: 27/33 MP: 6/9
  1847 | D:2      | Learned a level 4 spell: Ice Form
  1930 | D:2      | Noticed Natasha
  1936 | D:2      | Killed Natasha
  1946 | D:2      | Noticed Natasha
  1950 | D:2      | Killed from afar by Natasha

Levels and vault maps discovered:
D:1:      ebering_hopf_link, layout_basic, cheibriados_altar_1
D:2:      layout_loops_ring, chequers_ecumenical_altar_simple_redux,
          dk_yredelemnul_ordeal, uniq_natasha

Skill      XL: |  1  2  3  4  5 |
---------------+----------------+-----
Transmutations | 3 |  3.4
Poison Magic   | 2 3 |  3.0
Spellcasting   | 3 |  3.1
Fighting       | |  1.0
Dodging        | |  2.0
Unarmed Combat | |  3.2
Ice Magic      | |  0.4

Action                   |  1- 3 |  4- 6 || total
-------------------------+-------+-------++-------
Melee: Unarmed           |    46 |    31 ||    77
       Constrict         |    18 |     3 ||    21
       Tentacles         |    14 |     1 ||    15
       Kick              |    12 |     2 ||    14
       Punch             |     1 |     1 ||     2
 Cast: Beastly Appendage |    18 |     3 ||    21
       Spider Form       |     1 |     3 ||     4
 Abil: End Transformatio |       |     1 ||     1
 Stab: Sleeping          |     5 |       ||     5
  Eat: Chunk             |     2 |     2 ||     4
Armor: Skin              |     2 |       ||     2
Dodge: Dodged            |    27 |    24 ||    51
